 Dungeon Sprint DCSS version 0.27.1-33-g824d729ab1 (webtiles) character file.

Game seed: 5933046361577792038

104 Hipnos the Skirmisher (level 4, 0/44 HPs)
             Began as a Draconian Fighter on Nov 30, 2021.
             Slain by Sigmund (6 damage)
             ... in the Dungeon (Sprint I: "Red Sonja").
             The game lasted 00:01:32 (109 turns).

Hipnos the Skirmisher (Draconian Fighter)            Turns: 109, Time: 00:01:33

Health: 0/44       AC:  5    Str: 19    XL:     4   Next: 52%
Magic:  4/4        EV: 11    Int:  8    God:
Gold:   54         SH: 10    Dex: 11    Spells: 3/3 levels left

rFire    . . .     SeeInvis .   a - +0 trident
rCold    . . .     Faith    .   b - +0 kite shield
rNeg     . . .     Spirit   .   (armour unavailable)
rPois    .         Reflect  .   (helmet restricted)
rElec    .         Harm     .   (no cloak)
rCorr    .         Rampage  .   (no gloves)
Will     .....     NoTele   +   (no boots)
Stlth    +.........             (no amulet)
HPRegen  0.14/turn              (no ring)
MPRegen  0.09/turn              (no ring)

@: no status effects
A: AC +5, unfitting armour, cold-blooded
a: no special abilities


You were in the Dungeon.
You visited 1 branch You collected 54 gold pieces.

Inventory:

Hand Weapons
 a - a +0 trident (weapon)
Armour
 b - a +0 kite shield (worn)
Scrolls
 i - a scroll of blinking
Potions
 c - a potion of might
 d - a potion of curing
 e - a potion of heal wounds
 g - 2 potions of magic


   Skills:
 + Level 6.0 Fighting
 * Level 4.6 Polearms
 + Level 4.9 Dodging
 + Level 5.4 Shields


You had 3 spell levels left.
You didn't know any spells.
Your spell library was empty.

Dungeon Overview and Level Annotations

Branches:
Dungeon (1/1)

Altars:

Annotations:
D Sigmund


Innate Abilities, Weirdness & Mutations

Your plain brown scales are hard. (AC +5)
You cannot fit into any form of body armour.
You are cold-blooded and may be slowed by cold attacks.


Message History

The puff of flame hits you!
Reach: a) +0 trident
Press: ? - help, Dir - move target, f/p - Sigmund
Aim: Sigmund, wielding a +0 scythe and wearing a +0 robe (heavily wounded, about 43% to evade your +0 trident)
You reach to attack!
You closely miss Sigmund.
Sigmund is heavily wounded.
Sigmund gestures at you while chanting. The magic dart hits you!
Reach: a) +0 trident
Press: ? - help, Dir - move target, f/p - Sigmund
Aim: Sigmund, wielding a +0 scythe and wearing a +0 robe (heavily wounded, about 43% to evade your +0 trident)
You reach to attack!
Your shield prevents you from hitting Sigmund.
Sigmund is heavily wounded.
Sigmund gestures wildly while chanting.
Sigmund flickers and vanishes!
Deactivating autopickup; reactivate with Ctrl-A.
Something hits you.
Reach: a) +0 trident
Press: ? - help, Dir - move target You reach to attack!
You hit something.
Unknown command.
Reach: a) +0 trident
Press: ? - help, Dir - move target You reach to attack!
You miss something. Something hits you but does no damage.
Unknown command.
Reach: a) +0 trident
Press: ? - help, Dir - move target You reach to attack!
You barely miss something. Something hits you.
* * * LOW HITPOINT WARNING * * *
Unknown command.
Reach: a) +0 trident
Press: ? - help, Dir - move target You reach to attack!
You miss something. Something hits you.
* * * LOW HITPOINT WARNING * * *
Unknown command.
Reach: a) +0 trident
Press: ? - help, Dir - move target You reach to attack!
You closely miss something. Something hits you.
You die...

#############
#<.#.)'..#.{+
#..)..#..@..#
#..#####'####
#..# #..#
#..# ####
#..# #⌠⌠#
####


There were no monsters in sight!

Vanquished Creatures
  An ogre (D)
  Ijyb (D)
2 creatures vanquished.

Notes
Turn   | Place    | Note
-------+----------+-------------------------------------------
     0 | D        | Hipnos the Draconian Fighter began the quest for the Orb.
     0 | D        | Reached XP level 1. HP: 19/19 MP: 1/1
     1 | D        | Noticed Ijyb
    11 | D        | Killed Ijyb
    12 | D        | Reached skill level 4 in Fighting
    12 | D        | Reached XP level 2. HP: 28/28 MP: 2/2
    62 | D        | Noticed an ogre
    86 | D        | Killed an ogre
    87 | D        | Reached skill level 6 in Fighting
    87 | D        | Reached skill level 5 in Shields
    87 | D        | Reached XP level 3. HP: 37/37 MP: 3/3
    87 | D        | Reached XP level 4. HP: 44/44 MP: 4/4
    97 | D        | Noticed Sigmund
   109 | D        | Slain by Sigmund

Illustrated notes

Levels and vault maps discovered:
D:        dungeon_sprint_1 [red_sonja_temple_1, red_sonja_temple_small_1]

Skill      XL: |  1  2 |
---------------+-------+-----
Fighting       | 4 6 |  6.0
Polearms       | 3 4 |  4.6
Dodging        | 3 4 |  4.9
Shields        | 4 5 |  5.4

Action                   |  1- 3 |  4- 6 || total
-------------------------+-------+-------++-------
Melee: Trident           |    16 |    11 ||    27
       Tailslap          |     1 |       ||     1
  Use: Potion            |     2 |       ||     2
Armor: Skin              |     2 |     1 ||     3
Dodge: Dodged            |     2 |     1 ||     3
Block: Kite shield       |     3 |     1 ||     4
